 Seeded DCSS version 0.29.1-15-g9cfb28693d (webtiles) character file.

Game seed: 16245865983455551772 (custom seed)

84 Darius099 the Sneak (level 4, 0/46 HPs)
             Began as an Octopode Brigand on Mar 19, 2023.
             Was an Initiate of Dithmenos.
             Succumbed to an adder's poison
             ... on level 3 of the Dungeon.
             The game lasted 00:04:30 (2565 turns).

Darius099 the Sneak (Octopode Brigand)              Turns: 2565, Time: 00:04:31

Health: 0/46       AC: 22    Str: 10    XL:     4   Next: 45%
Magic:  4/4        EV:  2    Int: 25    God:    Dithmenos [......]
Gold:   107        SH:  0    Dex: 15    Spells: 3/3 levels left

rFire   . . .      SeeInvis .   a - +2 dagger
rCold   . . .      Faith    .   (no shield)
rNeg    . . .      Spirit   .   (helmet currently unavailable)
rPois   +          Reflect  .   (no amulet)
rElec   .          Harm     .   h - +6 ring of intelligence
rCorr   .          Rampage  .   i - +6 ring of intelligence
Will    .....      NoTele   +   (no ring)
Stlth   +++.......              (no ring)
HPRegen 0.15/turn               (no ring)
MPRegen 0.09/turn               (no ring)
                                (no ring)
                                (no ring)

@: brilliant, lethally poisoned (0 -> -2), tree-form, studying Spellcasting
A: stationary, stasis, torment immunity, boosted hp, almost no armour,
(amphibious), 8 rings, (camouflage 1), (gelatinous body 1), (nimble swimmer 1),
(tentacles)
a: Renounce Religion


You were on level 3 of the Dungeon.
You worshipped Dithmenos.
Dithmenos was noncommittal.
You were a tree.
You visited 1 branch of the dungeon, and saw 4 of its levels.

You collected 107 gold pieces.

Inventory:

Hand Weapons
 a - a +2 dagger (weapon)
Missiles
 b - 11 poisoned darts (quivered)
 c - 3 curare-tipped darts
Jewellery
 h - a +6 ring of intelligence (left branch)
 i - a +6 ring of intelligence (right branch)
Wands
 n - a wand of roots (4)
Scrolls
 d - 2 scrolls of acquirement
 g - 2 scrolls of teleportation {unknown}
 j - 2 scrolls of identify {unknown}
 l - a scroll of summoning {unknown}
 m - a scroll of enchant weapon {unknown}
 o - a scroll of noise {unknown}
Potions
 e - 2 potions of flight {unknown}
 f - a potion of might {unknown}


   Skills:
 + Level 3.1 Fighting
 + Level 3.0 Short Blades
 - Level 2.0 Throwing
 - Level 1.0 Dodging
 + Level 6.3 Stealth


You had 3 spell levels left.
You didn't know any spells.
Your spell library contained the following spells:

 Spells                   Type           Power      Damage    Failure   Level
 Sting                    Tmut/Pois      0%         1d3       14%         1
 Poisonous Vapours        Pois/Air       0%         N/A       21%         2
 Olgreb's Toxic Radiance  Pois           0%         N/A       80%         4
 Chain Lightning          Conj/Air       0%         N/A       100%        9
 Fire Storm               Conj/Fire      0%         5d1       100%        9
 Shatter                  Erth           0%         3d5*      100%        9


Dungeon Overview and Level Annotations

Branches:
Dungeon (4/15)
 Temple: D:4-7

Altars:
Dithmenos


Innate Abilities, Weirdness & Mutations

You are a tree.
Your roots penetrate the ground, keeping you stationary.
You cannot be teleported.
You are immune to unholy pain and torment.
Your maximum health is greatly increased.
You cannot wear most types of armour.
((You are amphibious.))
You can wear up to eight rings at the same time.
((Your skin changes colour to match your surroundings (Stealth+).))
((Your rubbery body absorbs attacks. (AC +1, EV +1)))
((You are camouflaged when in or above water. (Stealth+)))
((You have tentacles for arms and can constrict up to eight enemies at once.))


Message History

You feel sick. The adder bites you.
You hit the adder. You grab the adder.
You squeeze the adder, but do no damage.
The adder is moderately wounded.
You constrict the adder.
You feel sick. The rat barely misses you. The adder bites you.
You are more poisoned.
The adder poisons you!
You hit the adder.
The adder is severely wounded.
You constrict the adder.
You feel sick. The rat bites you. The adder completely misses you.
You hit the adder.
You kill the adder!
Dithmenos accepts your kill.
* * * LOW HITPOINT WARNING * * *
You feel sick. The rat misses you.
You hit the rat. Your grab misses the rat. Your squeeze misses the rat.
The rat is severely wounded.
* * * LOW HITPOINT WARNING * * *
You feel sick. The rat bites you.
* * * LOW HITPOINT WARNING * * *
You completely miss the rat. Your grab misses the rat.
Your squeeze misses the rat.
The rat is severely wounded.
* * * LOW HITPOINT WARNING * * *
You feel sick.
You hit the rat.
You kill the rat!
Dithmenos accepts your kill.
* * * LOW HITPOINT WARNING * * *
You feel sick.
It was a potion of lignification.
You turn into a tree.
Your roots penetrate the ground.
* * * LOW HITPOINT WARNING * * *
You feel sick.
Okay, then.
It was a potion of brilliance.
You feel clever all of a sudden.
You die...

#........ .....# ####'##..
. .....## #...... #'
#....# #...... #.##....#
#...... #.......## ###
###'##.. #........## P..#
#......#
#.........##...#.##......#
#........♣......# #......#
#........##.##...##.)....#
#####'#### ## ##......#
#..# ##......# ##.##
#.......# #..# ####'####
##.## ######.# #<.##
#....#'##
##..######.......#


There were no monsters in sight!

Vanquished Creatures
  Jessica (D:2)
  2 adders
  3 ball pythons
  3 bats
  4 endoplasms (D:1)
  2 goblins (D:1)
  6 hobgoblins
  5 kobolds
  3 quokkas (D:1)
  3 frilled lizards
  6 rats
38 creatures vanquished.

Vanquished Creatures (others)
  A plant (D:3)
1 creature vanquished.

Grand Total: 39 creatures vanquished

Notes
Turn   | Place    | Note
-------+----------+-------------------------------------------
     0 | D:1      | Darius099 the Octopode Brigand began the quest for the Orb.
     0 | D:1      | Reached XP level 1. HP: 14/14 MP: 1/1
   644 | D:1      | Found a faded altar of an unknown god.
   668 | D:1      | Reached XP level 2. HP: 19/19 MP: 2/2
  1488 | D:1      | Reached XP level 3. HP: 25/25 MP: 3/3
  1495 | D:1      | Identified 3 scrolls of acquirement
  1495 | D:1      | Acquired a manual of Spellcasting
  1613 | D:2      | Noticed Jessica
  1618 | D:2      | Killed Jessica
  1619 | D:2      | Reached skill level 6 in Stealth
  1619 | D:2      | Reached XP level 4. HP: 30/30 MP: 4/4
  2452 | D:4      | Found a shadowy altar of Dithmenos.
  2463 | D:4      | Became a worshipper of Dithmenos the Shadowed
  2563 | D:3      | HP: 1/31 [poisoned by an adder]
  2565 | D:3      | Succumbed to an adder's poison

Illustrated notes

Levels and vault maps discovered:
D:1:      minmay_arrival_hallway, layout_loops_corners, basic_ecumenical_altar,
          minmay_unequal
D:2:      layout_loops_ring, uniq_jessica
D:3:      layout_basic, serial_shops, nicolae_shop_advertising_works
          [nicolae_subvault_shop_adworks], minmay_shallow_snake_nest,
          uniq_natasha
D:4:      layout_rooms, grunt_dithmenos_smoke_and_mirrors,
          makhleb_blood_cavern_becter, slow_altar_1, serial_shops,
          nicolae_square_shop, nicolae_shop_temple_entry_statues_fountains,
          kennysheep_mini_moat, chequers_serial_rivers_large_a,
          minmay_fractal_squares_gapless_5

Skill      XL: |  1  2  3  4 |
---------------+-------------+-----
Stealth        | 6 |  6.3
Fighting       | 3 |  3.1
Short Blades   | 3 |  3.0
Throwing       | |  2.0
Dodging        | |  1.0

Action                   |  1- 3 |  4- 6 || total
-------------------------+-------+-------++-------
Melee: Dagger            |    36 |    29 ||    65
       Constrict         |     8 |     7 ||    15
       Tentacles         |     6 |     7 ||    13
  Use: Scroll            |     1 |       ||     1
       Potion            |       |     2 ||     2
 Stab: Sleeping          |    10 |     8 ||    18
Armor: Skin              |       |     1 ||     1
Dodge: Dodged            |    11 |     9 ||    20
